 Dungeon Crawl Stone Soup version 0.25-a0-464-g3004169c2b (webtiles) character file.

Game seed: 16011864466890366978, levelgen mode: deterministic

1426 Esekla the Thaumaturge (level 8, 0/41 HPs)
             Began as a Deep Elf Wizard on Feb 4, 2020.
             Was an Initiate of Gozag.
             Slain by a wyvern (5 damage)
             ... on level 7 of the Dungeon.
             The game lasted 01:01:12 (6166 turns).

Esekla the Thaumaturge (Deep Elf Wizard)            Turns: 6166, Time: 01:01:13

Health: 0/41       AC:  3    Str:  6    XL:     8   Next: 44%
Magic:  14/23      EV: 16    Int: 24    God:    Gozag
Gold:   546        SH:  0    Dex: 13    Spells: 17/26 levels left

rFire    . . .     SeeInvis .   e - +1 dagger
rCold    . . .     Gourm    .   (no shield)
rNeg     . . .     Faith    .   a - +0 robe
rPois    .         Spirit   .   b - +0 hat
rElec    .         Reflect  .   (no cloak)
rCorr    .         Harm     .   i - +0 pair of gloves
MR       +....                  (no boots)
Stlth    ++........             (no amulet)
HPRegen  0.13/turn              s - ring of protection from magic
MPRegen  0.18/turn              q - +3 ring of evasion

@: no status effects
A: no striking features
a: Potion Petition, Call Merchant, Bribe Branch, Renounce Religion


You were on level 7 of the Dungeon.
You worshipped Gozag.
Gozag was pleased with you.
You were not hungry.

You visited 1 branch of the dungeon, and saw 7 of its levels.

You collected 587 gold pieces.
You paid 41 gold pieces to Gozag.

Inventory:

Hand Weapons
 e - a +1 dagger (weapon)
 u - a +0 trident
 v - a +2 whip of venom
Missiles
 l - 2 curare-tipped darts (quivered)
 m - 5 boomerangs
 z - 7 poisoned darts
Armour
 a - a +0 robe (worn)
 b - a +0 hat (worn)
 i - a +0 pair of gloves (worn)
 A - a cursed -1 leather armour
Magical Staves
 n - an uncursed staff of wizardry
 B - an uncursed staff of energy
Jewellery
 f - an uncursed ring of positive energy
 q - a +3 ring of evasion (right hand)
 s - a ring of protection from magic (left hand)
 t - an uncursed ring of positive energy
Wands
 k - a wand of acid (11)
 C - a wand of iceblast (15)
Scrolls
 c - a scroll of identify
 r - 3 scrolls of teleportation
 w - a scroll of amnesia {unknown}
 x - a scroll of remove curse
 y - a scroll of holy word {unknown}
Potions
 g - 4 potions of lignification
 h - a potion of might
 j - a potion of agility
 o - a potion of resistance
 p - a potion of haste
 D - a potion of invisibility {unknown}
Comestibles
 d - 6 rations


   Skills:
 * Level 1.4 Short Blades
 + Level 3.3 Dodging
 + Level 3.8 Stealth
 * Level 9.6 Spellcasting
 * Level 4.4 Conjurations
   Level 1.1 Summonings
 + Level 2.8 Translocations
 + Level 3.5 Fire Magic
 + Level 2.3 Air Magic
 + Level 3.2 Poison Magic


You had 17 spell levels left.
You knew the following spells:

 Your Spells              Type           Power        Failure   Level  Hunger
a - Magic Dart            Conj           ####         1%          1    None
b - Blink                 Tloc           N/A          2%          2    None
c - Mephitic Cloud        Conj/Pois/Air  ####....     4%          3    None
f - Conjure Flame         Conj/Fire      ####....     3%          3    None

Your spell library contained the following spells:

 Spells                   Type           Power        Failure   Level  Hunger
 Call Imp                 Summ           ###.....     5%          2    None
 Slow                     Hex            ##......     9%          2    None


Dungeon Overview and Level Annotations

Branches:
Dungeon (7/15)
 Temple: D:4-7

Altars:
Fedhas
Gozag
Okawaru
Uskayaw
Yredelemnul

Shops:
D:4 (   D:6 ?


Message History

Casting: Magic Dart (safe; 1% risk of failure)
Confirm with . or Enter, or press ? or * to list all spells.
Aiming: Magic Dart (safe; 1% risk of failure)
Press: ? - help, Shift-Dir - straight line, f/p - wyvern
Aim: a wyvern (severely wounded)
The magic dart hits the wyvern but does no damage.
The wyvern is severely wounded.
The wyvern bites you!
* * * LOW HITPOINT WARNING * * *
The wyvern closely misses you.
Casting: Magic Dart (safe; 1% risk of failure)
Confirm with . or Enter, or press ? or * to list all spells.
Aiming: Magic Dart (safe; 1% risk of failure)
Press: ? - help, Shift-Dir - straight line, f/p - wyvern
Aim: a wyvern (severely wounded)
The magic dart hits the wyvern but does no damage.
The wyvern is severely wounded.
The wyvern bites you.
You die...
Your body crumbles into a pile of gold.

####.......#
#....#.....#
#######.########.#
.................#
#######.####........g
#....#........g
########.#............
.........##.#.........
$
##....l@>##.#.........
#.########.#.........
#######.#.........
..................
#######.#.........
#.#.........
#...........
############


You could see a wyvern.

Vanquished Creatures
  Sigmund (D:2)
  An orc warrior (D:6)
  2 ogres (D:4)
  2 centaurs (D:5)
  A big kobold (D:6)
  A bullfrog (D:6)
  2 scorpions
  2 crimson imps
  A bullfrog zombie (D:5)
  A jelly (D:5)
  2 orc priests
  3 hounds
  3 orc wizards
  Jessica (D:2)
  An iguana (D:5)
  2 worker ants
  A worker ant zombie (D:5)
  8 adders
  4 gnolls (D:3)
  2 oozes
  2 adder skeletons
  A worm (D:3)
  2 dart slugs
  2 leopard geckos
  25 orcs
  A ball python (D:3)
  7 bats
  5 giant cockroaches
  4 goblins
  5 hobgoblins
  7 jackals (D:3)
  5 quokkas
  8 frilled lizards
  9 kobolds
  2 leopard gecko skeletons
  6 rats
132 creatures vanquished.

Notes
Turn   | Place    | Note
-------+----------+-------------------------------------------
     0 | D:1      | Esekla the Deep Elf Wizard began the quest for the Orb.
     0 | D:1      | Reached XP level 1. HP: 10/10 MP: 7/7
   278 | D:1      | Reached skill level 5 in Spellcasting
   562 | D:1      | Reached XP level 2. HP: 15/15 MP: 7/10
   596 | D:1      | Learned a level 2 spell: Blink
   917 | D:2      | Noticed Sigmund
  1094 | D:1      | Reached XP level 3. HP: 19/19 MP: 9/12
  1404 | D:1      | Learned a level 3 spell: Mephitic Cloud
  1408 | D:1      | Learned a level 3 spell: Conjure Flame
  1477 | D:2      | Killed Sigmund
  1477 | D:2      | Reached skill level 6 in Spellcasting
  1477 | D:2      | Reached skill level 1 in Fire Magic
  1477 | D:2      | Reached skill level 1 in Air Magic
  1477 | D:2      | Reached skill level 1 in Poison Magic
  1477 | D:2      | Reached XP level 4. HP: 24/24 MP: 3/14
  1477 | D:2      | Reached XP level 5. HP: 28/28 MP: 3/16
  1809 | D:2      | Noticed Jessica
  1830 | D:2      | Killed Jessica
  1837 | D:2      | Found an opulent altar of Gozag.
  2061 | D:3      | Reached skill level 7 in Spellcasting
  2061 | D:3      | Reached XP level 6. HP: 32/32 MP: 2/18
  2778 | D:4      | Found Diery's Weapon Boutique.
  2920 | D:4      | Reached XP level 7. HP: 36/36 MP: 13/20
  2976 | D:4      | Reached skill level 8 in Spellcasting
  3109 | D:2      | Became a worshipper of Gozag Ym Sagoz the Greedy
  4471 | D:5      | Entered Level 5 of the Dungeon
  4822 | D:5      | Reached XP level 8. HP: 41/41 MP: 2/22
  4852 | D:5      | Reached skill level 9 in Spellcasting
  4950 | D:5      | Found a basalt altar of Yredelemnul.
  5433 | D:6      | Reached skill level 1 in Short Blades
  5637 | D:6      | Found a blossoming altar of Fedhas.
  5645 | D:6      | Found a hide-covered altar of Uskayaw.
  5646 | D:6      | Found an iron altar of Okawaru.
  5680 | D:6      | Found Afaaxt's Magic Scroll Shop.
  6166 | D:7      | Slain by a wyvern

Levels and vault maps discovered:
D:1:      lightli_arrival_flooded_house, layout_basic
D:2:      layout_rooms, lemuel_coloured_pillars_altar, uniq_jessica,
          uniq_sigmund
D:3:      layout_basic, wad_floor_pattern_1
D:4:      layout_rooms, nemelex_altar_shiori, serial_shops,
          nicolae_shop_temple_entry_statues_fountains, first_ration
D:5:      layout_rooms, nicolae_overflow_hidden_temple, minmay_statues_item,
          grunt_decor_mini_mirrors
D:6:      layout_basic, grunt_temple_overflow_open, serial_shops,
          nicolae_shop_statue_plus, solitary_fountain, item_on_display_a
D:7:      minmay_evil_eye, layout_basic, minmay_temple_entry_hall, uniq_joseph

Skill      XL: |  1  2  3  4  5  6  7  8 |
---------------+-------------------------+-----
Spellcasting   | 5 6 7 8 9 |  9.6
Conjurations   | 2 3 4 |  4.4
Fire Magic     | 1 2 3 |  3.5
Air Magic      | 1 2 |  2.3
Poison Magic   | 1 2 3 |  3.2
Translocations | 2 |  2.8
Stealth        | 3 |  3.8
Dodging        | 3 |  3.3
Short Blades   | 1 |  1.4
Summonings     | |  1.1

Action                   |  1- 3 |  4- 6 |  7- 9 || total
-------------------------+-------+-------+-------++-------
Melee: Dagger            |    16 |       |     4 ||    20
       Short sword       |       |    16 |     5 ||    21
       Whip              |       |       |    43 ||    43
Throw: Dart              |       |    11 |     4 ||    15
       Boomerang         |       |     1 |       ||     1
 Cast: Magic Dart        |    56 |    71 |   259 ||   386
       Mephitic Cloud    |     1 |     7 |     6 ||    14
       Conjure Flame     |       |     5 |    14 ||    19
       Blink             |       |     2 |     5 ||     7
  Use: Scroll            |       |     6 |     4 ||    10
       Potion            |       |     1 |       ||     1
 Stab: Confused          |     3 |       |     2 ||     5
       Sleeping          |       |     1 |     1 ||     2
  Eat: Chunk             |     1 |     5 |       ||     6
       Ration            |       |       |     3 ||     3
Armor: Robe              |     2 |     3 |    12 ||    17
Dodge: Dodged            |    17 |    26 |    81 ||   124

Table legend:
 A = Non-vault XP
 B = Vault XP
 C = Vault XP percentage of total XP
 D = Non-vault monster count
 E = Vault monster count
 F = Vault count percentage of total count
                 A         B        C        D         E       F
            +---------+---------+-------+---------+---------+-------
      Total |    1778 |     260 |  12.8 |     130 |       2 |   1.5
            +---------+---------+-------+---------+---------+-------
        D:1 |      21 |       0 |   0.0 |      15 |       0 |   0.0
        D:2 |      27 |     260 |  90.6 |       8 |       2 |  20.0
        D:3 |     229 |       0 |   0.0 |      44 |       0 |   0.0
        D:4 |     495 |       0 |   0.0 |      28 |       0 |   0.0
        D:5 |     544 |       0 |   0.0 |      21 |       0 |   0.0
        D:6 |     457 |       0 |   0.0 |      13 |       0 |   0.0
        D:7 |       5 |       0 |   0.0 |       1 |       0 |   0.0
            +---------+---------+-------+---------+---------+-------
